 Dungeon Crawl Stone Soup version 0.30-a0-972-gf3ab3527aa (webtiles) character file.

Game seed: 2159072686799171566

3259 voltaire321 the Thaumaturge (level 9, -1/53 HPs)
             Began as a Deep Elf Ice Elementalist on Apr 1, 2023.
             Was a Believer of Vehumet.
             Slain by an orc knight
             ... wielding a +0 halberd
              (9 damage)
             ... in a bailey.
             The game lasted 00:26:08 (8001 turns).

voltaire321 the Thaumaturge (DEIE)                  Turns: 8001, Time: 00:26:08

Health: -1/53      AC: 18    Str:  7    XL:     9   Next: 68%
Magic:  20/32      EV: 15    Int: 23    God:    Vehumet [**....]
Gold:   493        SH:  0    Dex: 15    Spells: 16/25 levels left

rFire   . . .      SeeInvis .    f - staff of cold
rCold   + . .      Faith    .    (no shield)
rNeg    . . .      Spirit   .    N - +0 leather armour
rPois   +          Reflect  .    C - +0 helmet
rElec   .          Rampage  .    i - +2 cloak
rCorr   .                        (no gloves)
Will    .....                    G - +1 pair of boots
Stlth   ++                       J - amulet of magic regeneration
HPRegen 0.28/turn                w - ring of poison resistance
MPRegen 0.63/turn                z - ring of magical power

@: ice-armoured, freezing walls
A: no striking features
a: Renounce Religion


You were in a bailey.
You worshipped Vehumet.
Vehumet was pleased with you.
You visited 1 branch of the dungeon, and saw 8 of its levels.
You also visited: Bailey.

You collected 558 gold pieces.
You spent 65 gold pieces at shops.

Inventory:

Hand Weapons
 B - a +0 rapier
Missiles
 I - 2 throwing nets
Armour
 i - a +2 cloak (worn)
 C - a +0 helmet (worn)
 G - a +1 pair of boots (worn)
 N - a +0 leather armour (worn)
Magical Staves
 f - a staff of cold (weapon)
Jewellery
 w - a ring of poison resistance (left hand)
 x - a ring of resist corrosion
 z - a ring of magical power (right hand)
 F - an amulet of guardian spirit
 J - an amulet of magic regeneration (around neck)
 K - a ring of ice
 M - a +5 ring of evasion
Wands
 u - a wand of polymorph (8)
 y - a wand of mindburst (15)
 E - a wand of roots (6)
Scrolls
 a - 3 scrolls of silence
 h - 2 scrolls of magic mapping
 l - a scroll of enchant armour
 o - 3 scrolls of immolation {unknown}
 p - 3 scrolls of enchant weapon
 q - 2 scrolls of poison {unknown}
 r - 4 scrolls of teleportation {unknown}
 t - 4 scrolls of noise {unknown}
 A - 2 scrolls of amnesia {unknown}
Potions
 b - 2 potions of magic
 c - 5 potions of haste
 d - a potion of invisibility {unknown}
 e - 5 potions of curing
 k - 3 potions of brilliance {unknown}
 n - 2 potions of mutation
 v - 2 potions of attraction {unknown}
 D - 2 potions of ambrosia {unknown}
 H - 2 potions of might
 L - 2 potions of cancellation
 O - a potion of resistance


   Skills:
 + Level 4.9 Fighting
 + Level 4.9 Armour
 + Level 7.6 Dodging
 - Level 2.4 Stealth
 + Level 8.5 Spellcasting
 + Level 1.4 Conjurations
 + Level 8.0 Ice Magic


You had 16 spell levels left.
You knew the following spells:

 Your Spells              Type           Power      Damage    Failure   Level
a - Freeze                Ice            100%       1d10      1%          1
b - Frozen Ramparts       Ice            100%       1d16      1%          3
c - Ozocubu's Armour      Ice            63%        N/A       1%          3
d - Searing Ray           Conj           32%        2d5       8%          2

Your spell library contained the following spells:

 Spells                   Type           Power      Damage    Failure   Level
 Beastly Appendage        Tmut           18%        N/A       10%         1
 Sting                    Tmut/Pois      36%        1d4       10%         1
 Lesser Beckoning         Tloc           18%        N/A       14%         2
 Poisonous Vapours        Pois/Air       18%        N/A       14%         2
 Wereblood                Tmut           9%         N/A       14%         2
 Summon Ice Beast         Ice/Summ       42%        N/A       19%         4
 Gell's Gravitas          Tloc           9%         N/A       28%         3
 Ignite Poison            Fire/Tmut/Pois 9%         N/A       28%         3
 Kindle Blastsparks       Fire/Tloc/Air  18%        2d11      28%         3
 Spider Form              Tmut/Pois      9%         N/A       28%         3
 Teleport Other           Tloc           9%         N/A       28%         3
 Fulminant Prism          Conj/Hex       6%         3d7       56%         4
 Iskenderun's Mystic Bla  Conj/Tloc      13%        2d5       56%         4
 Freezing Cloud           Conj/Ice/Air   18%        6-21      56%         5
 Olgreb's Toxic Radiance  Pois           9%         N/A       67%         4
 Lee's Rapid Deconstruct  Erth           4%         3d5*      95%         5


Dungeon Overview and Level Annotations

Branches:
Dungeon (8/15)             Temple (0/1) D:6          Bailey (1/1)
   Lair: D:8-11

Altars:
Ashenzari
Dithmenos
Elyvilon
Hepliaklqana
Kikubaaqudgha
Qazlal
Ru
Sif Muna
Vehumet
Wu Jian
Xom
Yredelemnul
Zin

Shops:
D:1 *   D:8 *

Annotations:
D:4 2 transporters, monoptic's ghost, amateur DrSu


Message History

The searing ray hits the orc knight!
The orc knight is almost dead. (Press . to maintain the ray.)
The frozen ramparts melt away.
The orc knight hits you from afar with a +0 halberd!
* * * LOW HITPOINT WARNING * * *
You feel much better.
The orc knight hits you but does no damage.
Casting: Searing Ray (safe; 8% risk of failure)
Confirm with . or Enter, or press ? or * to list all spells.
Casting: Frozen Ramparts (safe; 1% risk of failure)
Press: ? - help, Dir - look around, f - activate A gate leading back out of this place, spattered with blood.
You feel a surge of power!
The walls around you are covered in ice.
The wall freezes the orc knight but does no damage.
The orc knight hits you from afar with a +0 halberd!!
Casting: Frozen Ramparts (safe; 1% risk of failure)
Confirm with . or Enter, or press ? or * to list all spells.
Aiming: Searing Ray (safe; 8% risk of failure)
Press: ? - help, Shift-Dir - straight line, f - orc knight
Aim: an orc knight, wielding a +0 halberd and wearing a +0 crystal plate armour (almost dead, 78% to hit)
The searing ray hits the orc knight but does no damage.
The orc knight is almost dead. (Press . to maintain the ray.)
The wall freezes the orc knight but does no damage.
The orc knight barely misses you.
The searing ray hits the orc knight but does no damage.
The orc knight is almost dead.
The wall freezes the orc knight but does no damage.
The orc knight hits you from afar with a +0 halberd!
* * * LOW HITPOINT WARNING * * *
You feel much better.
The wall freezes the orc knight but does no damage.
The orc knight hits you from afar with a +0 halberd!
* * * LOW HITPOINT WARNING * * *
Your icy armour and frozen ramparts will break if you move.
Continue?
The wall freezes the orc knight.
The orc knight hits you from afar with a +0 halberd!
You die...

############ #
##.∩........## ##
#......#.....######.
#.....###....#....#.
#∩...).8.....)....).
#....)###....#....#.
#......#.....######.
##.@.o.))).o## ##
############ #


You could see an orc knight.

Vanquished Creatures
  Eustachio (D:4)
  Menkaure (D:6)
  A water moccasin (D:8)
  4 orc warriors (Bailey)
  2 ice beasts (D:7)
  A sky beast (D:7)
  4 black bears
  An ogre (D:6)
  A centaur (D:7)
  A phantom (D:5)
  A kobold brigand (D:8)
  3 bullfrogs
  7 scorpions
  A howler monkey (D:5)
  4 hounds
  3 jellies
  A gnoll bouda (D:6)
  3 sleepcaps
  Ijyb (D:4)
  5 iguanas
  2 orc wizards
  6 adders
  18 gnolls
  A shadow imp (D:7)
  2 white imps (D:6)
  An ufetubus (D:4)
  4 worms
  3 dart slugs
  30 orcs
  2 ball pythons
  3 endoplasms
  4 giant cockroaches
  4 hobgoblins
  4 jackals (D:1)
  15 kobolds
  4 quokkas
  7 bats
  A frilled lizard (D:2)
  6 goblins
  4 rats
167 creatures vanquished.

Vanquished Creatures (others)
  A fungus (D:5)
1 creature vanquished.

Grand Total: 168 creatures vanquished

Notes
Turn   | Place    | Note
-------+----------+-------------------------------------------
     0 | D:1      | voltaire321 the Deep Elf Ice Elementalist began the quest
                  | for the Orb.
     0 | D:1      | Reached XP level 1. HP: 10/10 MP: 6/6
     6 | D:1      | Found a faded altar of an unknown god.
   273 | D:1      | Found Leleyn's General Store.
   298 | D:1      | Bought a potion of heal wounds for 65 gold pieces
   365 | D:1      | Reached XP level 2. HP: 14/16 MP: 4/8
   914 | D:2      | Reached XP level 3. HP: 20/20 MP: 6/9
  1167 | D:2      | Reached skill level 1 in Fighting
  1167 | D:2      | Reached skill level 1 in Armour
  1450 | D:2      | Learned a level 3 spell: Frozen Ramparts
  1454 | D:2      | Learned a level 3 spell: Ozocubu's Armour
  2053 | D:3      | Reached XP level 4. HP: 25/25 MP: 6/11
  2891 | D:4      | Found a transporter.
  2895 | D:4      | Noticed monoptic's ghost (amateur DrSu)
  2930 | D:4      | Reached skill level 5 in Ice Magic
  3050 | D:4      | Reached XP level 5. HP: 23/29 MP: 8/13
  3393 | D:4      | Found a transporter.
  3394 | D:4      | Noticed Eustachio
  3404 | D:4      | Killed Eustachio
  3405 | D:4      | Reached XP level 6. HP: 35/35 MP: 4/15
  3640 | D:4      | Noticed Ijyb
  3646 | D:4      | Killed Ijyb
  4009 | D:5      | Entered Level 5 of the Dungeon
  4129 | D:5      | Reached skill level 5 in Spellcasting
  4209 | D:5      | Reached XP level 7. HP: 40/40 MP: 11/16
  4512 | D:5      | Found a broken altar of Ashenzari.
  4513 | D:5      | Found an ornate altar of the Wu Jian Council.
  4546 | D:5      | Found a shadowy altar of Dithmenos.
  4548 | D:5      | Found an ancient bone altar of Kikubaaqudgha.
  4548 | D:5      | Found a glowing silver altar of Zin.
  4548 | D:5      | Found a sacrificial altar of Ru.
  4549 | D:5      | Found a stormy altar of Qazlal.
  4551 | D:5      | Found a radiant altar of Vehumet.
  4552 | D:5      | Found a hazy altar of Hepliaklqana.
  4553 | D:5      | Found a shimmering blue altar of Sif Muna.
  4556 | D:5      | Became a worshipper of Vehumet
  4588 | D:5      | Reached skill level 5 in Dodging
  4609 | D:5      | Found a basalt altar of Yredelemnul.
  4870 | D:5      | Found a shimmering altar of Xom.
  5085 | D:5      | Reached XP level 8. HP: 46/46 MP: 19/19
  5324 | D:6      | Noticed Menkaure
  5336 | D:6      | Killed Menkaure
  5384 | D:6      | Found a staircase to the Ecumenical Temple.
  5605 | D:6      | Reached * piety under Vehumet
  5605 | D:6      | Offered knowledge of Shock by Vehumet.
  5910 | D:6      | Reached XP level 9. HP: 52/52 MP: 22/22
  6150 | D:6      | Found a white marble altar of Elyvilon.
  7578 | D:8      | Found Alusut's General Store.
  7596 | D:8      | Reached ** piety under Vehumet
  7596 | D:8      | Offered knowledge of Searing Ray by Vehumet.
  7604 | D:8      | Found a flagged portal.
  7610 | D:8      | Learned a level 2 spell: Searing Ray
  7617 | Bailey   | Entered a bailey
  7856 | Bailey   | Reached skill level 1 in Conjurations
  7922 | Bailey   | Noticed an orc knight
  7995 | Bailey   | HP: 2/53 [orc knight/+0 halberd (8)]
  8001 | Bailey   | Slain by an orc knight

Illustrated notes

Levels and vault maps discovered:
D:1:      dpeg_arrival_orchard, layout_basic,
          hellmonk_ecumenical_altar_pennies_from_heaven, serial_shops,
          nicolae_square_shop
D:2:      layout_basic, chequers_serial_rivers_micro_d, grunt_ministairs_3
D:3:      layout_loops_cross
D:4:      layout_basic, gammafunk_ghost_stat_death, minmay_fountain_box,
          uniq_ijyb, uniq_eustachio
D:5:      old_forge, layout_basic, mainiacjoe_overflow_chevrons,
          mainiacjoe_overflow_boulevard, minitemple
D:6:      layout_loops_corners, elyvilon_altar_3, minmay_temple_entry_overgrown,
          serial_park_tiny_pond, uniq_menkaure
D:7:      layout_cave_pods
D:8:      layout_loops_ring, serial_shops, shop, enter_bailey_1,
          kennysheep_diamond
Bailey:   bailey_polearm_5, bailey

Skill      XL: |  1  2  3  4  5  6  7  8  9 |
---------------+----------------------------+-----
Dodging        | 3 4 5 6 7 |  7.6
Fighting       | 1 2 3 4 |  4.9
Armour         | 1 2 3 4 |  4.9
Spellcasting   | 4 5 6 7 8 |  8.5
Ice Magic      | 5 6 7 8 |  8.0
Conjurations   | 1 |  1.4
Stealth        | |  2.4

Action                     |  1- 3 |  4- 6 |  7- 9 || total
---------------------------+-------+-------+-------++-------
  Melee: Staff             |     8 |     8 |   152 ||   168
         Punch             |       |       |     2 ||     2
   Cast: Freeze            |    53 |    49 |    77 ||   179
         Frozen Ramparts   |       |     8 |    42 ||    50
         Ozocubu's Armour  |       |     3 |    14 ||    17
         Searing Ray       |       |       |     4 ||     4
  Evoke: Wand              |       |       |    14 ||    14
    Use: Potion            |       |       |     3 ||     3
         Scroll            |       |       |    14 ||    14
   Stab: Sleeping          |     1 |       |       ||     1
 Armour: Robe              |    12 |    12 |    26 ||    50
         Leather armour    |       |       |    45 ||    45
  Dodge: Dodged            |    34 |    33 |   188 ||   255

Table legend: (Time is in decaauts)
 A = Elapsed time spent in this place.
 B = Non-inter-level travel time spent in this place.
 C = Inter-level travel time spent in this place.
 D = Time resting spent in this place.
 E = Time spent auto-exploring this place.
 F = Levels seen in this place.
 G = Mean time per level.
                   A        B        C        D        E       F      G
               +--------+--------+--------+--------+--------+-----+--------+
         Total |   8031 |   7746 |    285 |   1231 |   4660 |   9 |  892.3 |
       Dungeon |   7646 |   7361 |    285 |   1128 |   4660 |   8 |  955.8 |
        Bailey |    384 |    384 |      0 |    103 |      0 |   1 |  384.0 |
               +--------+--------+--------+--------+--------+-----+--------+

Top non-repeatable levels by time:
     D:4: 1343 daAuts
     D:6: 1239 daAuts
     D:5: 1216 daAuts
     D:2: 1111 daAuts
     D:7: 1091 daAuts
     D:1: 910 daAuts
     D:3: 645 daAuts
  Bailey: 384 daAuts
     D:8: 89 daAuts
